 Dungeon Crawl Stone Soup version 0.31-a0-174-g85c54bcb58 (webtiles) character file.

Game seed: 11504405172271325331

2650 Moral the Fighter (level 9, -1/111 HPs)
             Began as a Demonspawn Berserker on June 15, 2023.
             Was a Priest of Trog.
             Shot with an arrow by a centaur (6 damage)
             ... while paralysed by Grinder
             ... on level 6 of the Dungeon.
             The game lasted 00:21:40 (5383 turns).

Moral the Fighter (Demonspawn Berserker)            Turns: 5383, Time: 00:21:40

Health: -1/111     AC:  9    Str: 21    XL:     9   Next: 36%
Magic:  9/9        EV:  2    Int:  9    God:    Trog [***...]
Gold:   361        SH:  0    Dex: 19    Spells: 8/8 levels left

rFire   . . .        w - +0 hand axe (flame)
rCold   . . .        (no shield)
rNeg    . . .        y - +0 acid dragon scales
rPois   .            a - +1 helmet
rElec   .            (no cloak)
rCorr   +            (no gloves)
SInv    .            (no boots)
Will    .....        k - amulet of reflection Stlth
                     r - +6 ring of dexterity
HPRegen 0.38/turn    (no ring)
MPRegen 0.11/turn

%: reflection
@: paralysed, berserking (expiring)
A: hooves 1, repulsion field 1, demonic guardian 1, spiny 1
a: Renounce Religion, Berserk, Trog's Hand


You were on level 6 of the Dungeon.
You worshipped Trog.
Trog was most pleased with you.
You visited 1 branch of the dungeon, and saw 6 of its levels.
You also visited: Sewer.

You collected 361 gold pieces.

Inventory:

Hand Weapons
 w - a +0 hand axe of flaming (weapon)
Armour
 a - a +1 helmet (worn)
 y - +0 acid dragon scales (worn)
Jewellery
 k - an amulet of reflection (around neck)
 r - a +6 ring of dexterity (left hand)
 v - a +4 ring of protection
Wands
 i - a wand of roots (9)
 o - a wand of flame (28)
 t - a wand of mindburst (4)
Scrolls
 b - 6 scrolls of identify {unknown}
 e - a scroll of torment {unknown}
 f - 2 scrolls of teleportation {unknown}
 g - a scroll of noise {unknown}
 h - a scroll of blinking {unknown}
 j - 2 scrolls of enchant armour {unknown}
 l - 3 scrolls of vulnerability {unknown}
 n - 2 scrolls of poison {unknown}
 q - a scroll of fog {unknown}
 s - 4 scrolls of fear {unknown}
Potions
 c - 3 potions of attraction {unknown}
 d - a potion of might {unknown}
 m - 3 potions of haste
 p - a potion of curing {unknown}
 x - a potion of cancellation {unknown}
 z - a potion of degeneration {unknown}


   Skills:
 * Level 8.1 Fighting
 * Level 7.4 Axes
 + Level 4.9 Armour
 + Level 4.9 Dodging


You had 8 spell levels left.
You didn't know any spells.
Your spell library was empty.

Dungeon Overview and Level Annotations

Branches:
Dungeon (6/15)             Temple (0/1) D:4           Sewer (visited)

Altars:
Fedhas
Okawaru
Qazlal
Sif Muna
Yredelemnul

Annotations:
D:6 Grinder


Innate Abilities, Weirdness & Mutations

You have large cloven feet.
You are surrounded by a mild repulsion field. (EV +2)
A weak demonic guardian rushes to your aid.
You are partially covered in sharp spines.


Message History

The centaur shoots an arrow.
The arrow hits you! Grinder hits you but does no damage.
The centaur shoots an arrow.
The arrow hits you.
Your shadow imp barely misses Grinder.
Grinder blinks!
The centaur shoots an arrow.
The arrow hits you.
Grinder blinks!
You can move again.
The centaur shoots an arrow.
The arrow closely misses you.
The centaur shoots an arrow.
The arrow misses you.
The centaur shoots an arrow.
The arrow hits you!
* * * LOW HITPOINT WARNING * * *
The centaur shoots an arrow.
The arrow closely misses you.
The centaur shoots an arrow.
The arrow hits you.
* * * LOW HITPOINT WARNING * * *
Your shadow imp hits Grinder.
Your shadow imp hits Grinder.
Grinder blinks!
Grinder blinks!
A red film seems to cover your vision as you go berserk!
You feel yourself moving faster!
You feel mighty! Grinder completely misses you.
You slash Grinder! You burn Grinder. Your kick misses Grinder.
Grinder is almost dead.
Grinder gestures at you.
You suddenly lose the ability to move!
Grinder gestures at you.
You shrug off the repeated paralysis!
The centaur shoots an arrow.
The arrow hits you!
* * * LOW HITPOINT WARNING * * *
Grinder is struck by your spines. Grinder hits you.
* * * LOW HITPOINT WARNING * * *
You writhe in agony.
* * * LOW HITPOINT WARNING * * *
The centaur shoots an arrow.
The arrow hits you.
* * * LOW HITPOINT WARNING * * *
Grinder blinks!
The centaur shoots an arrow.
The arrow hits you but does no damage.
The centaur shoots an arrow.
The arrow hits you.
* * * LOW HITPOINT WARNING * * *
The centaur shoots an arrow.
The arrow hits you.
You die...

###......# ##.......######
#...#....###..#####
###.##..##........## #
###....##..........# #
#......##.........## ######
##.............####
..##.#######...ยง........##
..#....##.....#.@......##
..#.....#....##.##c.####
........#........#.##
...........#.....#..# ###
.##.....####........# ....
.............##.#..##.....
.............##..#.#......
..#..........##.c#5.......
.<##........c.............


You could see a centaur.

Vanquished Creatures
  A kobold demonologist (D:5)
  Sigmund (D:2)
  Edmund (D:5)
  A water moccasin (Sewer)
  3 black bears
  2 ice beasts
  A centaur (D:5)
  3 ogres
  2 phantoms
  A bullfrog (D:6)
  2 scorpions
  A crimson imp (D:4)
  3 hounds (D:5)
  3 orc priests
  3 iguanas
  Terence (D:3)
  4 orc wizards
  Ijyb (D:4)
  10 adders
  2 ufetubi
  3 worms
  3 dart slugs
  11 orcs
  7 ball pythons
  10 bats
  4 endoplasms
  3 giant cockroaches
  4 goblins
  7 hobgoblins
  5 quokkas
  3 frilled lizards
  A goblin skeleton (D:4)
  3 goblin zombies (D:4)
  3 hobgoblin zombies (D:4)
  4 kobolds
  A kobold skeleton (D:4)
  2 kobold zombies (D:4)
  2 orc skeletons (D:4)
  2 orc zombies (D:4)
  2 rats
  A spectral goblin (D:3)
127 creatures vanquished.

Vanquished Creatures (collateral kills)
  Maggie (D:6)
1 creature vanquished.

Grand Total: 128 creatures vanquished

Notes
Turn   | Place    | Note
-------+----------+-------------------------------------------
     0 | D:1      | Moral the Demonspawn Berserker began the quest for the Orb.
     0 | D:1      | Reached XP level 1. HP: 18/18 MP: 1/1
   401 | D:1      | Gained mutation: You are partially covered in sharp spines.
                  | [demonic ancestry]
   401 | D:1      | Reached XP level 2. HP: 24/24 MP: 2/2
   788 | D:2      | Reached XP level 3. HP: 23/29 MP: 3/3
   818 | D:2      | Reached ** piety under Trog
  1219 | D:2      | Noticed Sigmund
  1232 | D:2      | Killed Sigmund
  1233 | D:2      | Reached skill level 4 in Fighting
  1233 | D:2      | Reached XP level 4. HP: 14/38 MP: 4/4
  1233 | D:2      | Reached XP level 5. HP: 16/43 MP: 5/5
  1438 | D:2      | Identified the orb "Gushut" {guile, Int+4}
  1507 | D:3      | Found a faded altar of an unknown god.
  1533 | D:3      | Found an iron altar of Okawaru.
  1938 | D:3      | Noticed Terence
  1950 | D:3      | Killed Terence
  1951 | D:3      | Gained mutation: You have large cloven feet. [demonic
                  | ancestry]
  1951 | D:3      | Reached XP level 6. HP: 41/49 MP: 6/6
  2101 | D:4      | Noticed Ijyb
  2111 | D:4      | Killed Ijyb
  2165 | D:4      | Found a glowing drain.
  2180 | Sewer    | Entered a sewer
  2197 | Sewer    | Noticed a water moccasin
  2204 | Sewer    | Killed a water moccasin
  2205 | Sewer    | Reached skill level 5 in Fighting
  2311 | D:4      | Found Wuckawath's Lightly-Used Armoury.
  2389 | D:4      | Reached *** piety under Trog
  2390 | D:4      | Gained mutation: You are surrounded by a mild repulsion
                  | field. (EV +2) [demonic ancestry]
  2390 | D:4      | Reached XP level 7. HP: 43/56 MP: 7/7
  2429 | D:4      | Reached skill level 5 in Axes
  2761 | D:4      | Found a basalt altar of Yredelemnul.
  2824 | D:4      | Found a staircase to the Ecumenical Temple.
  2923 | D:5      | Entered Level 5 of the Dungeon
  3004 | D:5      | Found a stormy altar of Qazlal.
  3112 | D:5      | Reached skill level 6 in Fighting
  3370 | D:5      | Noticed Edmund
  3384 | D:5      | Killed Edmund
  3385 | D:5      | Gained mutation: A weak demonic guardian rushes to your
                  | aid. [demonic ancestry]
  3385 | D:5      | Reached XP level 8. HP: 26/59 MP: 8/8
  3673 | D:5      | Found a large runed translucent door.
  3674 | D:5      | Found a large runed translucent door.
  4161 | D:5      | Noticed a kobold demonologist
  4165 | D:5      | Noticed a sixfirhy
  4170 | D:5      | Noticed a red devil
  4172 | D:5      | Noticed an orange demon
  4174 | D:5      | Killed a kobold demonologist
  4175 | D:5      | Reached skill level 7 in Fighting
  4651 | D:5      | Found a blossoming altar of Fedhas.
  4828 | D:5      | Found a shimmering blue altar of Sif Muna.
  4837 | D:5      | Reached XP level 9. HP: 54/72 MP: 9/9
  5010 | D:6      | Noticed Maggie
  5040 | D:6      | Killed Maggie
  5072 | D:6      | Reached skill level 8 in Fighting
  5362 | D:6      | Noticed Grinder
  5366 | D:6      | Paralysed by Grinder for 3 turns
  5379 | D:6      | Paralysed by Grinder for 4 turns
  5382 | D:6      | HP: 5/111 [centaur/arrow (4)]
  5383 | D:6      | Shot with an arrow by a centaur

Illustrated notes

Levels and vault maps discovered:
D:1:      dpeg_arrival_castle, layout_loops_ring,
          amcnicky_mini_rare_corridor_liquid, hangedman_decor_push,
          grunt_decor_resistance
D:2:      layout_rooms, uniq_sigmund
D:3:      layout_basic, okawaru_trees_1,
          dreamdust_ecumenical_altar_drowned_temple, uniq_terence
D:4:      layout_cave_pools, mainiacjoe_overflow_surrounded_room,
          nicolae_tso_besieged_by_evil, temple_hall_moat,
          cheibrodos_sewer_entry_sluice, minmay_shop_damaged, st_stairs_11,
          minmay_crossroads, uniq_ijyb
D:5:      cheibrodos_barr_body, layout_basic, jmf_multi_god_temple2,
          mainiacjoe_overflow_24_doors, mainiacjoe_overflow_brackets,
          uniq_edmund
D:6:      layout_cave_pools, vehumet_statue, lemuel_doored_altar,
          nicolae_shop_gadgets, uniq_maggie, uniq_grinder, uniq_duvessa

Skill      XL: |  1  2  3  4  5  6  7  8  9 |
---------------+----------------------------+-----
Axes           | 3 4 5 6 7 |  7.4
Armour         | 2 3 4 |  4.9
Dodging        | 2 3 4 |  4.9
Fighting       | 4 5 6 7 8 |  8.1

Action                     |  1- 3 |  4- 6 |  7- 9 || total
---------------------------+-------+-------+-------++-------
  Melee: Hand axe          |    92 |    73 |   224 ||   389
         Punch             |     1 |       |     5 ||     6
         Kick              |       |    10 |    79 ||    89
 Invoke: Berserk           |     1 |     1 |     5 ||     7
   Stab: Sleeping          |       |       |     1 ||     1
 Armour: Scale mail        |    34 |     4 |       ||    38
         Animal skin       |     1 |       |       ||     1
         Ring mail         |       |     9 |    27 ||    36
         Plate armour      |       |       |    51 ||    51
         Acid dragon scale |       |       |     6 ||     6
  Dodge: Dodged            |    44 |    32 |    99 ||   175
  Block: Other             |     9 |    14 |    47 ||    70
         Reflection        |     1 |     1 |     3 ||     5

Table legend: (Time is in decaauts)
 A = Elapsed time spent in this place.
 B = Non-inter-level travel time spent in this place.
 C = Inter-level travel time spent in this place.
 D = Time resting spent in this place.
 E = Time spent auto-exploring this place.
 F = Levels seen in this place.
 G = Mean time per level.
                   A        B        C        D        E       F      G
               +--------+--------+--------+--------+--------+-----+--------+
         Total |   5478 |   5415 |     63 |   1111 |   2870 |   7 |  782.6 |
       Dungeon |   5386 |   5323 |     63 |   1111 |   2870 |   6 |  897.7 |
         Sewer |     91 |     91 |      0 |      0 |      0 |   1 |   91.0 |
               +--------+--------+--------+--------+--------+-----+--------+

Top non-repeatable levels by time:
     D:5: 2111 daAuts
     D:1: 763 daAuts
     D:4: 748 daAuts
     D:2: 736 daAuts
     D:3: 636 daAuts
     D:6: 390 daAuts
   Sewer: 91 daAuts
